 Dungeon Sprint DCSS version 0.29-a0-824-gd827844252 (webtiles) character file.

Game seed: 6177994354157525028

6190 mhtbhm the Cleaver (level 10, -3/68 HPs)
             Began as a Gargoyle Fighter on July 10, 2022.
             Was the Champion of Qazlal.
             Killed from afar by a molten gargoyle (28 damage)
             ... with a bolt of magma
             ... in the Dungeon (Sprint VII: "The Pits").
             The game lasted 00:04:45 (2069 turns).

mhtbhm the Cleaver (Gargoyle Fighter)               Turns: 2069, Time: 00:04:46

Health: -3/68      AC: 20    Str: 23    XL:     10   Next: 91%
Magic:  18/18      EV: 11    Int: 10    God:    Qazlal [******]
Gold:   0          SH: 14    Dex:  9    Spells: 9/9 levels left

rFire   + . .      SeeInvis .   a - +1 broad axe of Resourcefulness {vamp, +Blink rN++ Stlth+}
rCold   . . .      Faith    .   c - +0 buckler
rNeg    + + +      Spirit   .   b - +4 scale mail
rPois   ∞          Reflect  .   (no helmet)
rElec   +          Harm     .   (no cloak)
rCorr   .          Rampage  .   (no gloves)
Will    .....      NoTele   +   (no boots)
Stlth   +.........              (no amulet)
HPRegen 0.21/turn               (no ring)
MPRegen 0.16/turn               (no ring)

@: protected from fire, repel missiles
A: sickness immunity, AC +7, negative energy resistance 1, electricity
resistance, torment resistance 1, petrification resistance
a: Renounce Religion, Evoke Blink, Upheaval, Elemental Force, Disaster Area


You were in the Dungeon.
You worshipped Qazlal.
Qazlal was exalted by your worship.
You visited 1 branch

Inventory:

Hand Weapons
 a - the +1 broad axe of Resourcefulness (weapon) {vamp, +Blink rN++ Stlth+}
   (You found it in the Dungeon)

   It occasionally heals its wielder for a portion of the damage dealt when it
   wounds a living foe.
   rN:        It greatly protects you from negative energy.
   +Blink:    It lets you blink.
   Stlth:     It makes you more stealthy.
Missiles
 q - 14 poisoned darts (quivered)
Armour
 b - a +4 scale mail (worn)
 c - a +0 buckler (worn)
Jewellery
 n - a +3 ring of intelligence
 p - a +3 ring of evasion
Scrolls
 j - a scroll of blinking
 l - 5 scrolls of amnesia
 m - a scroll of summoning
Potions
 d - a potion of might
 e - 7 potions of curing
 f - 6 potions of heal wounds
 g - a potion of haste
 h - 4 potions of magic
 i - 6 potions of berserk rage
 k - 2 potions of invisibility
 o - a potion of brilliance


   Skills:
 + Level 10.7 Fighting
 * Level 13.5(13.8) Axes
 + Level 4.5(10.6) Maces & Flails
 + Level 0.5 Throwing
 + Level 11.0 Armour
 + Level 4.2 Dodging
 + Level 1.1 Stealth
 + Level 12.0 Shields
 * Level 11.8 Invocations


You had 9 spell levels left.
You didn't know any spells.
Your spell library was empty.

Dungeon Overview and Level Annotations

Branches:
Dungeon (1/1)

Altars:
Ashenzari
Cheibriados
Dithmenos
Elyvilon
Fedhas
Gozag
Hepliaklqana
Kikubaaqudgha
Makhleb
Nemelex Xobeh
Okawaru
Qazlal
Ru
Sif Muna
Trog
Uskayaw
Vehumet
Wu Jian
Xom
Yredelemnul
Zin
The Shining One
Jiyva
Lugonu


Innate Abilities, Weirdness & Mutations

You are immune to sickness and miasma.
Your stone body is resilient. (AC +7)
You are immune to poison.
You resist negative energy. (rN+)
You are resistant to electric shocks. (rElec)
You are resistant to unholy torment.
You are immune to petrification.


Message History

Unknown command.
You hit the tyrant leech but do no damage.
The tyrant leech is moderately wounded.
You hit the molten gargoyle but do no damage.
You block the spriggan rider's attack.
A quasit comes into view.
You block the molten gargoyle's attack.
Unknown command.
You slash the tyrant leech!
You feel better.
The tyrant leech is heavily wounded.
You hit the molten gargoyle. You block the tyrant leech's attack.
The spriggan rider hits you from afar with a +0 spear!
The molten gargoyle hits you but does no damage.
Unknown command.
You closely miss the molten gargoyle.
The molten gargoyle is lightly damaged.
You miss the tyrant leech.
The quasit is engulfed in blazing flames.
You block the tyrant leech's attack. You block the spriggan rider's attack.
The molten gargoyle hits you with a +0 flail.
You are engulfed in flames!
You hit the tyrant leech.
You feel better.
The tyrant leech is severely wounded.
You closely miss the molten gargoyle.
The quasit is struck by lightning.
You kill the quasit!
Qazlal accepts your kill.
The spriggan rider hits you from afar with a +0 spear!
You feel more protected from physical attacks.
You block the tyrant leech's attack. You block the molten gargoyle's attack.
Your Armour skill increases to level 11!
Unknown command.
Unknown command.
You barely miss the tyrant leech.
The tyrant leech is severely wounded.
You hit the molten gargoyle. You block the spriggan rider's attack.
The molten gargoyle blasts magma at you!
The bolt of magma hits you!!
Your resistance to physical damage fades away.
You feel protected from fire.
You die...

......# #.......#
#....## ####...### ###
##''## ###..+...+ #..#
#....###....##)## ...#
......#))..##...## ...#
......'(...).....+....+
......#)...##...##°...#
#..÷.###....##'##9§...#
##''## ###..+.○.@wi#
#....# ####)..####
......# #....§..#
......# #.........#
####### ###########


You could see a tyrant leech, a spriggan rider and a molten gargoyle.

Vanquished Creatures
  A lindwurm (D)
  2 orange demons (D)
  A komodo dragon (D)
  A kobold demonologist (D)
  A troll (D)
  A tyrant leech (D)
  A merfolk (D)
  A snapping turtle (D)
  A ynoxinul (D)
  A redback (D)
  2 acid dragons (D)
  2 floating eyes (D)
  An ice beast (D)
  A sky beast (D)
  A wolf (D)
  A centaur (D)
  2 phantoms (D)
  2 kobold brigands (D)
  A bullfrog (D)
  A necrophage (D)
  5 wights (D)
  2 crimson imps (D)
  A quasit (D)
  An orc priest (D)
  An orc wizard (D)
  An adder (D)
  An ufetubus (D)
  An adder zombie (D)
  A worm (D)
  4 orcs (D)
  An endoplasm (D)
  A hobgoblin (D)
  A quokka (D)
  2 bats (D)
  6 kobolds (D)
54 creatures vanquished.

Vanquished Creatures (collateral kills)
  A hydra (D)
  A wizard (D)
  A deep elf zephyrmancer (D)
  A tyrant leech (D)
  Grum (D)
  2 wolves (D)
7 creatures vanquished.

Grand Total: 61 creatures vanquished

Notes
Turn   | Place    | Note
-------+----------+-------------------------------------------
     0 | D        | mhtbhm the Gargoyle Fighter began the quest for the Orb.
     0 | D        | Reached XP level 1. HP: 14/14 MP: 1/1
    25 | D        | Found a bloodstained altar of Trog.
    25 | D        | Found a shimmering blue altar of Sif Muna.
    25 | D        | Found a viscous altar of Jiyva.
    25 | D        | Found a hazy altar of Hepliaklqana.
    25 | D        | Found an opulent altar of Gozag.
    26 | D        | Found a glowing golden altar of the Shining One.
    26 | D        | Found a glowing silver altar of Zin.
    26 | D        | Found a basalt altar of Yredelemnul.
    26 | D        | Found a shimmering altar of Xom.
    26 | D        | Found an ornate altar of the Wu Jian Council.
    26 | D        | Found a sacrificial altar of Ru.
    26 | D        | Found a stormy altar of Qazlal.
    26 | D        | Found an iron altar of Okawaru.
    26 | D        | Found a sparkling altar of Nemelex Xobeh.
    26 | D        | Found a burning altar of Makhleb.
    26 | D        | Found a blossoming altar of Fedhas.
    26 | D        | Found a white marble altar of Elyvilon.
    26 | D        | Found a shadowy altar of Dithmenos.
    26 | D        | Found a snail-covered altar of Cheibriados.
    28 | D        | Found a radiant altar of Vehumet.
    28 | D        | Found a corrupted altar of Lugonu.
    29 | D        | Found a hide-covered altar of Uskayaw.
    29 | D        | Found an ancient bone altar of Kikubaaqudgha.
    29 | D        | Found a broken altar of Ashenzari.
    33 | D        | Became a worshipper of Qazlal Stormbringer
    71 | D        | Noticed a floating eye
    74 | D        | Paralysed by a floating eye for 3 turns
    77 | D        | Killed a floating eye
    78 | D        | Reached skill level 5 in Fighting
    78 | D        | Reached skill level 1 in Axes
    78 | D        | Reached skill level 5 in Armour
    78 | D        | Reached skill level 5 in Shields
    78 | D        | Reached XP level 2. HP: 19/22 MP: 1/4
    78 | D        | Reached XP level 3. HP: 24/27 MP: 1/5
    78 | D        | Reached XP level 4. HP: 28/32 MP: 1/6
   129 | D        | Noticed a floating eye
   131 | D        | Paralysed by a floating eye for 2 turns
   133 | D        | Killed a floating eye
   133 | D        | Reached * piety under Qazlal
   134 | D        | Reached skill level 2 in Axes
   134 | D        | Reached skill level 5 in Invocations
   134 | D        | Reached XP level 5. HP: 37/37 MP: 6/8
   183 | D        | Reached ** piety under Qazlal
   194 | D        | Reached skill level 3 in Axes
   194 | D        | Reached XP level 6. HP: 27/44 MP: 8/10
   347 | D        | Noticed a sky beast
   360 | D        | Reached *** piety under Qazlal
   379 | D        | Killed a sky beast
   380 | D        | Reached skill level 4 in Axes
   382 | D        | Reached skill level 1 in Dodging
   382 | D        | Reached XP level 7. HP: 30/48 MP: 10/12
   395 | D        | Reached skill level 5 in Axes
   401 | D        | Reached **** piety under Qazlal
   585 | D        | Reached skill level 6 in Axes
   628 | D        | Reached ***** piety under Qazlal
   643 | D        | Reached XP level 8. HP: 55/55 MP: 12/14
   844 | D        | Noticed a merfolk
   862 | D        | Reached skill level 7 in Axes
   876 | D        | Killed a merfolk
   971 | D        | Got the +1 broad axe of Resourcefulness {vamp, +Blink rN++
                  | Stlth+}
  1093 | D        | Noticed a snapping turtle
  1097 | D        | Reached skill level 1 in Stealth
  1104 | D        | Reached ****** piety under Qazlal
  1105 | D        | Reached skill level 8 in Axes
  1105 | D        | Reached skill level 10 in Shields
  1109 | D        | Killed a snapping turtle
  1110 | D        | Reached XP level 9. HP: 61/61 MP: 15/15
  1296 | D        | Noticed a komodo dragon
  1296 | D        | Noticed an orange demon
  1296 | D        | Noticed an orange demon
  1302 | D        | HP: 3/61 [orange demon (7)]
  1310 | D        | Killed an orange demon
  1311 | D        | Reached skill level 9 in Axes
  1312 | D        | Killed a komodo dragon
  1317 | D        | Killed an orange demon
  1318 | D        | Reached skill level 10 in Axes
  1318 | D        | Reached skill level 10 in Invocations
  1468 | D        | Noticed a kobold demonologist
  1468 | D        | Noticed a tyrant leech
  1479 | D        | Killed a kobold demonologist
  1480 | D        | Reached skill level 10 in Armour
  1480 | D        | Killed a tyrant leech
  1482 | D        | Reached skill level 11 in Axes
  1507 | D        | Noticed a troll
  1507 | D        | Noticed a lindwurm
  1513 | D        | Killed a troll
  1514 | D        | Reached skill level 10 in Fighting
  1514 | D        | Reached XP level 10. HP: 64/68 MP: 17/17
  1518 | D        | Killed a lindwurm
  1526 | D        | Noticed Grum
  1527 | D        | Noticed a deep elf zephyrmancer
  1539 | D        | Reached skill level 12 in Axes
  1541 | D        | Killed Grum
  1544 | D        | Killed a deep elf zephyrmancer
  1815 | D        | Noticed a wizard
  1815 | D        | Noticed a seven-headed hydra
  1822 | D        | Reached skill level 13 in Axes
  1830 | D        | Killed a 12-headed hydra
  1833 | D        | Killed a wizard
  2062 | D        | Noticed a molten gargoyle
  2062 | D        | Noticed a spriggan rider
  2069 | D        | Killed from afar by a molten gargoyle

Illustrated notes

Levels and vault maps discovered:
D:        pitsprint [storerooms_1, entrance_room_1, metal_vault_2, armoury_3,
          mini_pit_1, grid_room_1, main_hall_1, silver_pit, the_coven_1,
          the_vestibule_1, steel_vault_3, golden_pit, hallway_of_sentries,
          crystal_vault_6, iron_vault_2, final_vault]

Skill      XL: |  1  2  3  4  5  6  7  8  9 10 |
---------------+-------------------------------+-----
Fighting       | 5 6 7 8 9 10 | 10.7
Axes           | 1 2 3 4 6 8 11 13 | 13.5
Maces & Flails | 3 4 |  4.5
Armour         | 5 6 7 8 9 10 11 | 11.0
Shields        | 5 6 7 8 9 10 11 12 | 12.0
Invocations    | 3 5 6 8 9 10 11 | 11.8
Dodging        | 1 2 3 4 |  4.2
Stealth        | 1 |  1.1
Throwing       | |  0.5

Action                   |  1- 3 |  4- 6 |  7- 9 | 10-12 || total
-------------------------+-------+-------+-------+-------++-------
Melee: Flail             |     6 |       |       |       ||     6
       Hand axe          |     4 |    60 |    95 |       ||   159
       Broad axe         |       |       |    47 |    32 ||    79
Throw: Dart              |       |       |       |     1 ||     1
Invok: Upheaval          |       |       |     1 |       ||     1
       Elemental Force   |       |       |       |     2 ||     2
  Use: Potion            |       |     1 |     4 |     2 ||     7
Armor: Scale mail        |     5 |    11 |    26 |    56 ||    98
       Chain mail        |       |    13 |    30 |       ||    43
Dodge: Dodged            |     2 |    18 |    50 |    31 ||   101
Block: Buckler           |       |    20 |    88 |    56 ||   164

Table legend: (Time is in decaauts)
 A = Elapsed time spent in this place.
 B = Non-inter-level travel time spent in this place.
 C = Inter-level travel time spent in this place.
 D = Time resting spent in this place.
 E = Time spent auto-exploring this place.
 F = Levels seen in this place.
 G = Mean time per level.
                   A        B        C        D        E       F      G
               +--------+--------+--------+--------+--------+-----+--------+
         Total |   2096 |   2096 |      0 |   1318 |    116 |   1 | 2096.0 |
       Dungeon |   2096 |   2096 |      0 |   1318 |    116 |   1 | 2096.0 |
               +--------+--------+--------+--------+--------+-----+--------+

Top non-repeatable levels by time:
       D: 2096 daAuts
